 Dungeon Crawl Stone Soup version 0.14.2 (webtiles) character file.

313 FuckCats the Insei (level 5, -3/43 HPs)
             Began as a Mummy Monk on Jan 30, 2016.
             Slain by an orc
             ... wielding a +0,+0 club
              (6 damage)
             ... on Level 3 of the Dungeon.
             The game lasted 00:07:20 (5309 turns).

FuckCats the Insei (Mummy Monk)                     Turns: 5309, Time: 00:07:20

HP  -3/43        AC  0     Str 14      XL: 5   Next: 66%
MP   5/5         EV 13     Int  9      God:
Gold 90          SH  0     Dex 15      Spells:  0 memorised,  4 levels left

rFire  x . .     SeeInvis .       - Unarmed
rCold  + . .     Clarity  .     (no armour)
rNeg   + + +     Conserve .     (no shield)
rPois  +         rCorr    .     (no helmet)
rElec  .         rRot     +     (no cloak)
SustAb . .       Spirit   .     (no gloves)
rMut   .         Warding  .     (no boots)
Saprov . . .     Stasis   .     (no amulet)
MR     .....                    (no ring)
                                (no ring)

@: not resistant to hostile enchantments, fairly stealthy
A: no food or potions, fire vulnerability, restore body, cold resistance 1, life
protection 3, poison resistance, torment resistance, unbreathing
a: no special abilities


You were on level 3 of the Dungeon.
You were not hungry.

You visited 1 branch of the dungeon, and saw 4 of its levels.

You collected 90 gold pieces.


Innate Abilities, Weirdness & Mutations

You do not eat or drink.
Your flesh is vulnerable to fire.
Your flesh is cold resistant.
You are immune to negative energy.
Your system is resistant to poisons.
You are immune to unholy pain and torment.
You can survive without breathing.


   Skills:
 + Level 4.6 Fighting
 - Level 2.4 Dodging
 - Level 1.5 Stealth
 - Level 5.0 Unarmed Combat


You had 4 spell levels left.
You didn't know any spells.

Inventory:

Missiles
 i - 14 poisoned needles (quivered)
Armour
 d - a +0 large shield
Comestibles
 j - a bread ration
 k - a choko
 l - 2 meat rations
 m - an orange
 n - an apple
Scrolls
 a - a scroll of blinking {unknown}
 c - a scroll of enchant weapon I {unknown}
 e - 2 scrolls of enchant weapon II
 f - 3 scrolls of noise {!r}
 g - a scroll of enchant armour
 h - a scroll of magic mapping
 o - a scroll of random uselessness {unknown}

Dungeon Overview and Level Annotations

Branches:
Dungeon (4/15)
 Temple: D:4-7

Altars:
Okawaru
Vehumet

Annotations:
D:4 exclusions: ogre and worker ant

▒·▒ ▒·▒▒·▒·▒▒▒▒▒▒▒·▒▒▒
▒·▒▒·▒▒ ▒·▒······)w·······
···J···▒
▒·▒····▒▒▒▒▒▒▒·▒··
···%···▒ ▒·▒····▒ ▒·▒··
▒·······▒ ▒·▒····▒
▒▒▒▒·▒▒▒ ····)··▒ ▒·▒····▒
▒····▒▒▒ ·····▒ ▒·▒····▒
▒·····)·
▒··▒▒▒▒▒·▒····▒▒▒▒··>··▒▒
▒······)M········o·····▒
▒·▒▒▒▒▒▒o▒▒···▒▒▒▒·····▒
▒·▒ ▒·········▒·····▒
▒▒·▒▒ ▒·········▒·····▒
▒···▒ ▒·········▒·····▒
▒···▒▒▒▒▒·········▒·····▒▒
▒·········)····%··········
▒···▒▒▒▒▒·%···············
▒···▒ ▒·········▒·····▒▒


You could see an orc.


Message History

You hit the adder.
You kill the adder!
You closely miss the kobold. The kobold misses you.
You hit the kobold.
The kobold is severely wounded.
The kobold drinks a potion.
The kobold is healed!
You hit the kobold.
You kill the kobold!
Things that are here:
a blowgun; an uncursed dagger; 4 poisoned needles; a kobold corpse The orc shouts!
You see here a poisoned needle.
You swing at nothing.
You swing at nothing.
You swing at nothing.
You barely miss the orc. The orc hits you with a club.
* * * LOW HITPOINT WARNING * * *
You hit the orc.
The orc is heavily wounded.
The orc misses you.
You closely miss the orc.
The orc is heavily wounded.
You completely miss the orc.
The orc is heavily wounded.
The orc hits you with a club.
* * * LOW HITPOINT WARNING * * *
You hit the orc.
The orc is almost dead.
The orc hits you with a club.
You die...

Action                   |  1- 3 |  4- 6 || total
-------------------------+-------+-------++-------
Melee: Unarmed           |   157 |   165 ||   322
  Use: Scroll            |       |     5 ||     5
 Stab: Sleeping          |     5 |     1 ||     6
       Distracted        |     2 |       ||     2

Vault maps used:
D:1:      tarquinn_simple_flora_water_b, serial_forest,
          infiniplex_forest_zigzag_1, infiniplex_forest_clump_long,
          infiniplex_forest_pool, infiniplex_forest_zigzag_1,
          infiniplex_forest_clump_curved, infiniplex_forest_lined_3,
          infiniplex_forest_lined_ring, infiniplex_forest_clump_double,
          infiniplex_forest_pool, minmay_fountain_box
D:2:      old_standard_altar, lemuel_doored_altar, first_bread,
          roderic_lattice_a, minmay_misc_feat_hallway
D:4:      tgw_trog, kennysheep_little_box, zin_scriptorium,
          minmay_temple_entry_large_hall, portal_sewer_entry_f

Notes
Turn   | Place    | Note
--------------------------------------------------------------
     0 | D:1      | FuckCats, the Mummy Monk, began the quest for the Orb.
     0 | D:1      | Reached XP level 1. HP: 18/18 MP: 1/1
    74 | D:1      | Reached XP level 2. HP: 14/24 MP: 2/2
   896 | D:1      | Reached skill level 4 in Unarmed Combat
  1186 | D:2      | Found an iron altar of Okawaru.
  1265 | D:2      | Reached XP level 3. HP: 29/29 MP: 3/3
  2434 | D:2      | HP: 2/29 [adder (5)]
  2435 | D:2      | Reached XP level 4. HP: 2/35 MP: 4/4
  3044 | D:2      | Found a radiant altar of Vehumet.
  3777 | D:3      | Reached skill level 5 in Unarmed Combat
  3933 | D:3      | HP: 3/35 [worm (8)]
  3968 | D:3      | HP: 3/35 [worm (4)]
  4775 | D:3      | Reached XP level 5. HP: 4/41 MP: 5/5
  5209 | D:4      | Noticed an ogre
  5239 | D:3      | Reached skill level 4 in Fighting
  5305 | D:3      | HP: 4/43 [orc/club (5)]
  5309 | D:3      | Slain by an orc

Vanquished Creatures
  An orc priest (D:3)
  A hound (D:3)
  7 adders
  A giant mite (D:3)
  3 worms
  7 orcs
  A giant cockroach (D:2)
  10 hobgoblins
  2 jackals (D:2)
  14 kobolds
  2 quokkas
  A ball python (D:3)
  9 bats
  A giant gecko (D:3)
  3 giant newts
  6 goblins
  5 rats
74 creatures vanquished.
